[ AOE2 MATCH · #477620149 ]
UnrankedPersians vs Koreans
[ REPLAY ANALYSIS · EXTRACTED FROM THE RECORDED GAME ]
Feudal
12:03
Castle
17:22
Imperial
34:18
| APM avg | 41.0 |
| APM peak | 70 |
| eAPM avg | 21.8 |
| Villagers / military | 100 / 9 |
Focus
⚔️ 16.0% · 🌾 84.0%
Monk ×6 · Trebuchet (Packed) ×3
Feudal
13:27
Castle
16:56
Imperial
38:36
| APM avg | 37.3 |
| APM peak | 58 |
| eAPM avg | 18.6 |
| Villagers / military | 74 / 42 |
Focus
⚔️ 18.2% · 🌾 81.8%
War Wagon ×39 · Trebuchet (Packed) ×3
Feudal
13:15
Castle
17:19
Imperial
—
| APM avg | 34.2 |
| APM peak | 88 |
| eAPM avg | 15.4 |
| Villagers / military | 63 / 44 |
Focus
⚔️ 31.1% · 🌾 68.9%
Fire Lancer ×28 · Mangonel ×10 · Militia ×5 · Scorpion ×1
Feudal
13:46
Castle
18:20
Imperial
—
| APM avg | 32.9 |
| APM peak | 58 |
| eAPM avg | 21.2 |
| Villagers / military | 111 / 5 |
Focus
⚔️ 17.1% · 🌾 82.9%
Monk ×3 · Spearman ×1 · Scout Cavalry ×1
Feudal
13:06
Castle
19:22
Imperial
38:25
| APM avg | 52.8 |
| APM peak | 96 |
| eAPM avg | 24.4 |
| Villagers / military | 132 / 47 |
Focus
⚔️ 28.9% · 🌾 71.1%
Steppe Lancer ×22 · Mangudai ×9 · Camel Scout ×8 · Scout Cavalry ×5 · Mangonel ×2 · Battering Ram ×1
Feudal
13:28
Castle
17:34
Imperial
—
| APM avg | 59.1 |
| APM peak | 137 |
| eAPM avg | 33.4 |
| Villagers / military | 208 / 60 |
Focus
⚔️ 39.6% · 🌾 60.4%
Mangudai ×56 · Battering Ram ×3 · Monk ×1
Match map
Initial resources + every placement click. Lines = walls · curves = elevation contours. ◆ gold · ⬟ stone · ● berries · ✦ relic · ◌ wall gap
Your base· Open — unwalled flank
Benjaiper's base· Open — unwalled flank
tomas's base· Open — unwalled flank
Nicoairlines's base· ✓ Closed at 18:20 · 33t walls · 1 gate(s)
|FMG| Zeit's base· Open — unwalled flank
Manuel hormigaiper's base· Open — 4t gap
Smoothed initial terrain · ◌ = detected wall gap · hover for details
Inputs per minute
— Cris.GCH - - Benjaiper
Build order — Cris.GCH
First 150 of 218 actions detected
| 0:09 | Build | Town Center |
| 2:20 | Queue | Villager (Male) |
| 2:20 | Queue | Villager (Male) |
| 2:20 | Queue | Villager (Male) |
| 2:21 | Queue | Villager (Male) |
| 2:22 | Queue | Villager (Male) |
| 2:57 | Build | House |
| 3:02 | Research | Loom |
| 3:19 | Queue | Villager (Male) |
| 3:38 | Queue | Villager (Male) |
| 3:39 | Queue | Villager (Male) |
| 3:51 | Queue | Villager (Male) |
| 3:55 | Build | Lumber Camp |
| 4:14 | Queue | Villager (Male) |
| 4:49 | Build | House |
| 4:54 | Queue | Villager (Male) |
| 4:55 | Queue | Villager (Male) |
| 5:26 | Queue | Villager (Male) |
| 5:27 | Queue | Villager (Male) |
| 6:48 | Build | House |
| 6:58 | Queue | Villager (Male) |
| 7:10 | Queue | Villager (Male) |
| 7:27 | Build | Mill |
| 7:29 | Queue | Villager (Male) |
| 7:39 | Queue | Villager (Male) |
| 8:11 | Queue | Villager (Male) |
| 8:35 | Queue | Villager (Male) |
| 8:43 | Build | Palisade Gate |
| 8:47 | Queue | Villager (Male) |
| 8:56 | Build | House |
| 9:38 | Build | Lumber Camp |
| 9:40 | Queue | Villager (Male) |
| 9:52 | Research | Feudal Age |
| 10:21 | Queue | Villager (Male) |
| 11:11 | Build | Mining Camp |
| 11:15 | Queue | Villager (Male) |
| 11:30 | Build | House |
| 12:03 | Age | Feudal Age |
| 12:03 | Research | Double-Bit Axe |
| 12:04 | Research | Double-Bit Axe |
| 12:06 | Queue | Villager (Male) |
| 12:28 | Build | House |
| 12:33 | Queue | Villager (Male) |
| 13:00 | Queue | Villager (Male) |
| 13:21 | Build | Market |
| 13:28 | Queue | Villager (Male) |
| 13:55 | Build | Blacksmith |
| 14:57 | Research | Castle Age |
| 14:57 | Research | Castle Age |
| 14:57 | Research | Castle Age |
| 15:27 | Build | Barracks |
| 15:31 | Build | Palisade Wall |
| 15:37 | Build | House |
| 15:39 | Build | Palisade Wall |
| 15:57 | Build | Palisade Wall |
| 16:25 | Build | Palisade Wall |
| 17:08 | Queue | Villager (Male) |
| 17:22 | Age | Castle Age |
| 17:25 | Build | Town Center |
| 17:30 | Build | Monastery |
| 17:53 | Queue | Villager (Male) |
| 18:10 | Research | Wheelbarrow |
| 18:11 | Queue | Villager (Male) |
| 18:25 | Build | Farm |
| 18:33 | Queue | Monk |
| 18:48 | Build | Archery Range |
| 18:57 | Build | Stable |
| 19:03 | Build | Farm |
| 19:07 | Build | House |
| 19:10 | Queue | Monk |
| 19:22 | Build | House |
| 19:31 | Queue | Monk |
| 19:48 | Build | Farm |
| 19:49 | Queue | Villager (Male) |
| 20:12 | Queue | Villager (Male) |
| 20:17 | Build | House |
| 20:23 | Build | Farm |
| 20:25 | Queue | Villager (Male) |
| 20:32 | Queue | Villager (Male) |
| 20:44 | Research | Fervor |
| 20:48 | Queue | Villager (Male) |
| 20:53 | Build | House |
| 21:25 | Queue | Villager (Male) |
| 21:30 | Queue | Villager (Male) |
| 21:33 | Queue | Villager (Male) |
| 21:51 | Queue | Villager (Male) |
| 21:57 | Build | Farm |
| 22:03 | Queue | Villager (Male) |
| 22:03 | Queue | Villager (Male) |
| 22:07 | Queue | Villager (Male) |
| 22:33 | Build | Town Center |
| 22:36 | Queue | Villager (Male) |
| 22:45 | Build | Town Center |
| 22:47 | Queue | Villager (Male) |
| 22:58 | Queue | Monk |
| 23:00 | Queue | Villager (Male) |
| 23:23 | Queue | Villager (Male) |
| 23:36 | Queue | Villager (Male) |
| 23:50 | Queue | Villager (Male) |
| 23:52 | Build | Lumber Camp |
| 23:59 | Queue | Villager (Male) |
| 24:13 | Build | Farm |
| 24:24 | Queue | Villager (Male) |
| 24:37 | Queue | Villager (Male) |
| 24:53 | Queue | Villager (Male) |
| 25:00 | Queue | Villager (Male) |
| 25:01 | Research | Scale Mail Armor |
| 25:02 | Research | Forging |
| 25:07 | Research | Bow Saw |
| 25:11 | Research | Horse Collar |
| 25:12 | Research | Horse Collar |
| 25:13 | Queue | Villager (Male) |
| 25:25 | Queue | Villager (Male) |
| 25:25 | Queue | Villager (Male) |
| 25:28 | Build | Farm |
| 25:30 | Build | Farm |
| 25:35 | Queue | Villager (Male) |
| 26:02 | Queue | Villager (Male) |
| 26:12 | Queue | Villager (Male) |
| 26:12 | Queue | Villager (Male) |
| 26:21 | Build | Mill |
| 26:26 | Queue | Villager (Male) |
| 26:32 | Build | Farm |
| 26:33 | Build | Farm |
| 26:33 | Build | Farm |
| 26:33 | Build | Farm |
| 26:35 | Queue | Villager (Male) |
| 26:38 | Queue | Villager (Male) |
| 26:42 | Queue | Villager (Male) |
| 26:48 | Build | House |
| 26:49 | Build | House |
| 26:53 | Queue | Villager (Male) |
| 27:16 | Build | Mill |
| 27:18 | Build | Farm |
| 27:25 | Queue | Villager (Male) |
| 27:35 | Build | Farm |
| 27:35 | Queue | Villager (Male) |
| 27:40 | Build | House |
| 27:47 | Queue | Villager (Male) |
| 28:02 | Research | Heavy Plow |
| 28:05 | Queue | Villager (Male) |
| 28:10 | Build | House |
| 28:21 | Queue | Monk |
| 28:22 | Queue | Monk |
| 28:23 | Queue | Villager (Male) |
| 28:46 | Queue | Villager (Male) |
| 28:51 | Build | Palisade Wall |
| 28:55 | Build | Farm |
| 28:56 | Build | Farm |
| 28:56 | Build | Farm |
Build order — Benjaiper
First 150 of 179 actions detected
| 0:12 | Build | Town Center |
| 2:14 | Build | House |
| 2:16 | Queue | Villager (Male) |
| 2:17 | Queue | Villager (Male) |
| 2:17 | Queue | Villager (Male) |
| 2:19 | Queue | Villager (Male) |
| 3:44 | Queue | Villager (Male) |
| 3:45 | Queue | Villager (Male) |
| 4:00 | Build | House |
| 4:04 | Queue | Villager (Male) |
| 4:34 | Queue | Villager (Male) |
| 5:24 | Queue | Villager (Male) |
| 5:24 | Queue | Villager (Male) |
| 5:32 | Queue | Villager (Male) |
| 6:12 | Research | Loom |
| 6:43 | Build | House |
| 6:48 | Queue | Villager (Male) |
| 6:50 | Queue | Villager (Male) |
| 7:32 | Queue | Villager (Male) |
| 7:35 | Queue | Villager (Male) |
| 7:49 | Build | Lumber Camp |
| 7:52 | Queue | Villager (Male) |
| 8:05 | Queue | Villager (Male) |
| 8:10 | Queue | Villager (Male) |
| 8:23 | Build | Mill |
| 8:28 | Queue | Villager (Male) |
| 8:59 | Build | House |
| 9:01 | Queue | Villager (Male) |
| 9:10 | Queue | Villager (Male) |
| 11:17 | Research | Feudal Age |
| 11:29 | Build | Mining Camp |
| 13:27 | Age | Feudal Age |
| 13:29 | Build | Market |
| 13:34 | Build | Blacksmith |
| 13:37 | Queue | Villager (Male) |
| 13:38 | Queue | Villager (Male) |
| 14:16 | Research | Castle Age |
| 14:16 | Research | Castle Age |
| 14:32 | Build | Mining Camp |
| 14:42 | Research | Fletching |
| 15:13 | Build | House |
| 15:50 | Queue | Villager (Male) |
| 16:33 | Queue | Villager (Male) |
| 16:56 | Age | Castle Age |
| 16:59 | Build | Castle |
| 17:16 | Queue | Villager (Male) |
| 17:56 | Build | House |
| 17:59 | Build | House |
| 18:08 | Queue | War Wagon |
| 18:21 | Queue | War Wagon |
| 19:02 | Build | Mining Camp |
| 19:07 | Queue | War Wagon |
| 19:11 | Queue | Villager (Male) |
| 19:43 | Queue | War Wagon |
| 19:58 | Queue | Villager (Male) |
| 20:00 | Queue | Villager (Male) |
| 20:29 | Queue | War Wagon |
| 20:30 | Queue | Villager (Male) |
| 20:47 | Queue | Villager (Male) |
| 21:38 | Queue | War Wagon |
| 21:41 | Queue | Villager (Male) |
| 21:51 | Build | Town Center |
| 22:12 | Queue | Villager (Male) |
| 22:14 | Queue | Villager (Male) |
| 22:24 | Build | Farm |
| 22:27 | Queue | Villager (Male) |
| 22:28 | Queue | Villager (Male) |
| 22:37 | Queue | Villager (Male) |
| 22:38 | Queue | Villager (Male) |
| 22:55 | Queue | War Wagon |
| 23:25 | Research | Bodkin Arrow |
| 23:36 | Queue | Villager (Male) |
| 23:39 | Build | Farm |
| 23:39 | Build | Farm |
| 23:40 | Build | Farm |
| 24:09 | Queue | Villager (Male) |
| 24:09 | Queue | Villager (Male) |
| 24:27 | Build | Lumber Camp |
| 24:51 | Queue | Villager (Male) |
| 24:51 | Queue | Villager (Male) |
| 25:00 | Build | Farm |
| 25:02 | Build | Farm |
| 25:26 | Build | University |
| 25:43 | Queue | War Wagon |
| 25:46 | Queue | Villager (Male) |
| 25:54 | Build | Farm |
| 26:16 | Research | Ballistics |
| 26:25 | Queue | Villager (Male) |
| 26:26 | Queue | Villager (Male) |
| 26:26 | Queue | Villager (Male) |
| 26:27 | Queue | Villager (Male) |
| 26:28 | Build | Farm |
| 26:53 | Queue | Villager (Male) |
| 27:03 | Build | Farm |
| 27:04 | Build | Farm |
| 27:08 | Queue | War Wagon |
| 27:42 | Queue | War Wagon |
| 27:42 | Queue | War Wagon |
| 27:56 | Queue | War Wagon |
| 27:58 | Queue | Villager (Male) |
| 27:59 | Queue | Villager (Male) |
| 28:08 | Build | House |
| 28:11 | Build | House |
| 28:21 | Queue | Villager (Male) |
| 28:22 | Queue | Villager (Male) |
| 28:25 | Build | House |
| 28:42 | Queue | Villager (Male) |
| 28:43 | Queue | Villager (Male) |
| 28:47 | Queue | War Wagon |
| 28:53 | Queue | Villager (Male) |
| 28:53 | Queue | Villager (Male) |
| 29:03 | Build | Lumber Camp |
| 29:16 | Queue | Villager (Male) |
| 29:16 | Queue | Villager (Male) |
| 29:22 | Queue | Villager (Male) |
| 29:23 | Queue | Villager (Male) |
| 29:26 | Queue | War Wagon |
| 30:08 | Queue | Villager (Male) |
| 30:08 | Queue | Villager (Male) |
| 30:18 | Queue | War Wagon |
| 30:24 | Build | House |
| 30:40 | Research | Double-Bit Axe |
| 30:49 | Build | Monastery |
| 30:52 | Queue | War Wagon |
| 30:57 | Build | House |
| 31:12 | Queue | Villager (Male) |
| 31:12 | Queue | Villager (Male) |
| 31:25 | Research | Devotion |
| 31:29 | Queue | War Wagon |
| 31:31 | Queue | War Wagon |
| 31:46 | Queue | War Wagon |
| 32:05 | Queue | War Wagon |
| 32:16 | Queue | War Wagon |
| 32:17 | Queue | War Wagon |
| 32:26 | Queue | War Wagon |
| 32:26 | Queue | War Wagon |
| 32:33 | Queue | War Wagon |
| 32:33 | Queue | War Wagon |
| 32:46 | Queue | Villager (Male) |
| 32:46 | Queue | Villager (Male) |
| 32:56 | Queue | War Wagon |
| 32:56 | Queue | War Wagon |
| 32:57 | Queue | Villager (Male) |
| 33:06 | Build | Stone Wall |
| 33:09 | Build | Stone Wall |
| 33:11 | Build | Stone Wall |
| 33:19 | Build | House |
| 33:25 | Queue | War Wagon |
| 33:25 | Queue | War Wagon |
| 33:34 | Queue | Villager (Male) |
Build order — tomas
First 150 of 187 actions detected
| 0:14 | Build | House |
| 0:46 | Build | Town Center |
| 3:04 | Queue | Villager (Male) |
| 3:04 | Queue | Villager (Male) |
| 3:04 | Queue | Villager (Male) |
| 3:05 | Queue | Villager (Male) |
| 4:01 | Queue | Villager (Male) |
| 5:00 | Queue | Villager (Male) |
| 5:00 | Queue | Villager (Male) |
| 5:00 | Queue | Villager (Male) |
| 5:05 | Build | House |
| 5:07 | Build | House |
| 5:12 | Build | Lumber Camp |
| 5:38 | Research | Loom |
| 5:38 | Research | Loom |
| 5:46 | Queue | Villager (Male) |
| 5:46 | Queue | Villager (Male) |
| 6:24 | Build | House |
| 6:51 | Queue | Villager (Male) |
| 6:51 | Queue | Villager (Male) |
| 6:54 | Build | House |
| 7:13 | Build | House |
| 7:21 | Queue | Villager (Male) |
| 7:21 | Queue | Villager (Male) |
| 7:21 | Queue | Villager (Male) |
| 8:06 | Queue | Villager (Male) |
| 8:13 | Build | Mill |
| 8:27 | Queue | Villager (Male) |
| 8:28 | Queue | Villager (Male) |
| 8:38 | Build | House |
| 8:48 | Build | House |
| 8:56 | Queue | Villager (Male) |
| 9:03 | Build | House |
| 9:13 | Queue | Villager (Male) |
| 10:02 | Build | Mining Camp |
| 10:03 | Queue | Villager (Male) |
| 10:16 | Build | House |
| 10:25 | Queue | Villager (Male) |
| 10:47 | Build | House |
| 10:55 | Research | Feudal Age |
| 11:42 | Build | Farm |
| 12:02 | Build | Farm |
| 12:29 | Queue | Villager (Male) |
| 12:29 | Queue | Villager (Male) |
| 13:15 | Age | Feudal Age |
| 13:19 | Build | Market |
| 13:57 | Queue | Villager (Male) |
| 14:08 | Build | Blacksmith |
| 14:39 | Research | Castle Age |
| 14:39 | Research | Castle Age |
| 15:00 | Research | Double-Bit Axe |
| 15:01 | Research | Horse Collar |
| 15:01 | Research | Horse Collar |
| 15:27 | Build | Barracks |
| 15:36 | Research | Scale Mail Armor |
| 15:36 | Research | Scale Mail Armor |
| 15:57 | Queue | Villager (Male) |
| 16:06 | Build | House |
| 16:10 | Build | House |
| 16:18 | Research | Gold Mining |
| 16:18 | Research | Gold Mining |
| 16:28 | Build | Barracks |
| 17:19 | Age | Castle Age |
| 17:20 | Queue | Fire Lancer |
| 17:20 | Queue | Fire Lancer |
| 17:49 | Build | Farm |
| 17:55 | Queue | Fire Lancer |
| 17:55 | Queue | Militia |
| 17:56 | Queue | Villager (Male) |
| 17:56 | Queue | Villager (Male) |
| 18:00 | Queue | Fire Lancer |
| 18:15 | Research | Forging |
| 18:15 | Research | Forging |
| 18:17 | Research | Town Watch |
| 18:23 | Queue | Fire Lancer |
| 18:28 | Queue | Villager (Male) |
| 18:38 | Queue | Villager (Male) |
| 18:44 | Build | Outpost |
| 18:50 | Build | Outpost |
| 19:01 | Build | House |
| 19:02 | Queue | Villager (Male) |
| 19:17 | Build | Siege Workshop |
| 19:24 | Research | Arson |
| 19:24 | Research | Arson |
| 19:42 | Build | Farm |
| 19:44 | Queue | Fire Lancer |
| 19:44 | Queue | Fire Lancer |
| 19:52 | Queue | Villager (Male) |
| 19:56 | Queue | Villager (Male) |
| 20:14 | Queue | Mangonel |
| 20:15 | Queue | Mangonel |
| 20:21 | Build | Outpost |
| 20:25 | Queue | Villager (Male) |
| 20:30 | Queue | Fire Lancer |
| 20:31 | Queue | Fire Lancer |
| 20:31 | Queue | Fire Lancer |
| 20:31 | Queue | Fire Lancer |
| 20:51 | Queue | Scorpion |
| 20:54 | Build | House |
| 21:29 | Queue | Villager (Male) |
| 21:31 | Build | House |
| 21:43 | Queue | Villager (Male) |
| 21:48 | Build | Farm |
| 21:49 | Build | Farm |
| 21:55 | Queue | Mangonel |
| 21:55 | Queue | Mangonel |
| 22:04 | Build | House |
| 22:08 | Build | Farm |
| 22:09 | Queue | Villager (Male) |
| 22:17 | Queue | Mangonel |
| 22:31 | Build | Farm |
| 22:32 | Queue | Villager (Male) |
| 23:04 | Queue | Mangonel |
| 23:05 | Queue | Mangonel |
| 23:11 | Queue | Fire Lancer |
| 23:11 | Queue | Fire Lancer |
| 23:47 | Queue | Militia |
| 23:47 | Queue | Villager (Male) |
| 24:16 | Build | Farm |
| 24:17 | Build | Farm |
| 24:17 | Build | Farm |
| 24:20 | Build | Farm |
| 24:23 | Build | House |
| 24:24 | Build | House |
| 24:46 | Queue | Fire Lancer |
| 24:46 | Queue | Fire Lancer |
| 24:46 | Queue | Fire Lancer |
| 24:47 | Queue | Fire Lancer |
| 24:48 | Queue | Villager (Male) |
| 24:48 | Queue | Villager (Male) |
| 25:06 | Build | Lumber Camp |
| 25:21 | Queue | Fire Lancer |
| 25:22 | Queue | Militia |
| 25:25 | Build | House |
| 25:25 | Build | House |
| 25:25 | Build | House |
| 25:26 | Build | House |
| 25:43 | Queue | Fire Lancer |
| 25:43 | Queue | Fire Lancer |
| 25:46 | Queue | Villager (Male) |
| 25:47 | Queue | Villager (Male) |
| 25:47 | Queue | Villager (Male) |
| 26:31 | Build | Siege Workshop |
| 26:39 | Queue | Mangonel |
| 26:40 | Queue | Villager (Male) |
| 26:41 | Queue | Villager (Male) |
| 26:45 | Build | Farm |
| 26:50 | Queue | Villager (Male) |
| 26:51 | Queue | Villager (Male) |
| 26:57 | Queue | Fire Lancer |
Build order — Nicoairlines
First 150 of 210 actions detected
| 0:09 | Build | Town Center |
| 2:08 | Build | House |
| 2:42 | Queue | Villager (Male) |
| 2:42 | Queue | Villager (Male) |
| 2:43 | Queue | Villager (Male) |
| 2:43 | Queue | Villager (Male) |
| 2:43 | Queue | Villager (Male) |
| 3:03 | Build | Mill |
| 4:35 | Queue | Villager (Male) |
| 4:35 | Queue | Villager (Male) |
| 4:56 | Build | House |
| 5:06 | Queue | Villager (Male) |
| 5:06 | Queue | Villager (Male) |
| 5:22 | Queue | Villager (Male) |
| 5:39 | Queue | Villager (Male) |
| 5:39 | Queue | Villager (Male) |
| 5:42 | Queue | Villager (Male) |
| 5:43 | Queue | Villager (Male) |
| 5:57 | Build | House |
| 6:00 | Build | House |
| 6:01 | Build | Palisade Wall |
| 6:02 | Build | Palisade Wall |
| 6:05 | Queue | Villager (Male) |
| 6:06 | Queue | Villager (Male) |
| 6:12 | Queue | Villager (Male) |
| 6:13 | Queue | Villager (Male) |
| 6:24 | Queue | Villager (Male) |
| 6:24 | Queue | Villager (Male) |
| 6:40 | Research | Loom |
| 6:41 | Queue | Villager (Male) |
| 6:42 | Queue | Villager (Male) |
| 6:42 | Queue | Villager (Male) |
| 6:55 | Queue | Villager (Male) |
| 7:14 | Queue | Villager (Male) |
| 7:14 | Queue | Villager (Male) |
| 7:43 | Queue | Villager (Male) |
| 7:43 | Queue | Villager (Male) |
| 7:43 | Queue | Villager (Male) |
| 7:48 | Build | House |
| 7:52 | Queue | Villager (Male) |
| 8:23 | Build | House |
| 8:24 | Build | House |
| 8:25 | Build | House |
| 9:21 | Build | House |
| 9:22 | Build | Palisade Wall |
| 9:24 | Queue | Villager (Male) |
| 10:17 | Build | Mill |
| 10:22 | Queue | Villager (Male) |
| 10:36 | Queue | Villager (Male) |
| 11:06 | Build | Lumber Camp |
| 11:19 | Queue | Villager (Male) |
| 11:34 | Research | Feudal Age |
| 11:34 | Research | Feudal Age |
| 11:47 | Build | Palisade Wall |
| 11:56 | Build | Palisade Wall |
| 11:57 | Build | Palisade Wall |
| 12:31 | Build | Barracks |
| 12:47 | Queue | Villager (Male) |
| 13:46 | Age | Feudal Age |
| 13:53 | Build | Stable |
| 13:58 | Build | Market |
| 14:12 | Queue | Villager (Male) |
| 14:47 | Build | Palisade Wall |
| 14:51 | Build | Palisade Wall |
| 15:55 | Research | Castle Age |
| 15:55 | Research | Castle Age |
| 16:02 | Queue | Spearman |
| 16:15 | Build | Palisade Gate |
| 16:26 | Queue | Scout Cavalry |
| 18:20 | Age | Castle Age |
| 18:25 | Build | Town Center |
| 18:27 | Queue | Villager (Male) |
| 18:40 | Build | Town Center |
| 19:27 | Build | Monastery |
| 19:47 | Queue | Villager (Male) |
| 19:47 | Queue | Villager (Male) |
| 20:00 | Queue | Villager (Male) |
| 20:11 | Queue | Monk |
| 20:12 | Queue | Monk |
| 20:21 | Queue | Villager (Male) |
| 20:49 | Queue | Villager (Male) |
| 20:50 | Queue | Villager (Male) |
| 21:31 | Queue | Villager (Male) |
| 21:45 | Build | Palisade Wall |
| 21:46 | Build | Palisade Wall |
| 21:52 | Queue | Villager (Male) |
| 22:22 | Queue | Villager (Male) |
| 23:16 | Build | Market |
| 23:33 | Queue | Villager (Male) |
| 23:33 | Queue | Villager (Male) |
| 23:37 | Queue | Monk |
| 23:42 | Research | Double-Bit Axe |
| 23:42 | Research | Double-Bit Axe |
| 23:43 | Queue | Villager (Male) |
| 23:52 | Queue | Villager (Male) |
| 23:54 | Queue | Villager (Male) |
| 24:22 | Build | Castle |
| 25:08 | Queue | Villager (Male) |
| 25:08 | Queue | Villager (Male) |
| 25:34 | Queue | Villager (Male) |
| 25:54 | Queue | Villager (Male) |
| 25:54 | Queue | Villager (Male) |
| 26:01 | Build | Farm |
| 26:03 | Build | Farm |
| 28:27 | Build | Castle |
| 28:45 | Queue | Villager (Male) |
| 29:40 | Build | Town Center |
| 29:42 | Queue | Villager (Male) |
| 29:53 | Build | Blacksmith |
| 30:07 | Build | Farm |
| 30:10 | Build | Farm |
| 30:12 | Build | Farm |
| 30:14 | Build | Farm |
| 30:20 | Build | Farm |
| 30:22 | Build | Farm |
| 30:25 | Build | House |
| 30:41 | Build | Farm |
| 30:43 | Queue | Villager (Male) |
| 31:31 | Build | Farm |
| 31:33 | Queue | Villager (Male) |
| 31:45 | Research | Fletching |
| 31:45 | Research | Fletching |
| 31:59 | Queue | Villager (Male) |
| 31:59 | Queue | Villager (Male) |
| 32:25 | Queue | Villager (Male) |
| 32:25 | Queue | Villager (Male) |
| 32:27 | Build | Town Center |
| 32:47 | Queue | Villager (Male) |
| 32:48 | Queue | Villager (Male) |
| 33:03 | Queue | Villager (Male) |
| 33:03 | Queue | Villager (Male) |
| 33:29 | Queue | Villager (Male) |
| 33:29 | Queue | Villager (Male) |
| 33:37 | Queue | Villager (Male) |
| 33:37 | Queue | Villager (Male) |
| 33:42 | Build | Farm |
| 33:43 | Build | Farm |
| 33:44 | Build | Farm |
| 33:57 | Queue | Villager (Male) |
| 34:01 | Build | House |
| 34:03 | Queue | Villager (Male) |
| 34:03 | Queue | Villager (Male) |
| 34:16 | Build | Lumber Camp |
| 34:26 | Queue | Villager (Male) |
| 34:26 | Queue | Villager (Male) |
| 34:37 | Queue | Villager (Male) |
| 34:38 | Queue | Villager (Male) |
| 34:55 | Queue | Villager (Male) |
| 34:57 | Build | Farm |
| 34:58 | Build | Farm |
Build order — |FMG| Zeit
First 150 of 280 actions detected
| 0:44 | Build | Town Center |
| 1:59 | Build | House |
| 2:43 | Queue | Villager (Male) |
| 2:43 | Queue | Villager (Male) |
| 2:43 | Queue | Villager (Male) |
| 2:43 | Queue | Villager (Male) |
| 2:44 | Queue | Villager (Male) |
| 4:07 | Queue | Villager (Male) |
| 4:07 | Queue | Villager (Male) |
| 4:08 | Queue | Villager (Male) |
| 4:16 | Research | Loom |
| 5:07 | Queue | Villager (Male) |
| 5:10 | Build | House |
| 5:18 | Build | Lumber Camp |
| 5:41 | Queue | Villager (Male) |
| 6:04 | Queue | Villager (Male) |
| 6:22 | Queue | Villager (Male) |
| 6:40 | Queue | Villager (Male) |
| 7:13 | Queue | Villager (Male) |
| 7:34 | Queue | Villager (Male) |
| 7:48 | Queue | Villager (Male) |
| 7:53 | Build | House |
| 8:14 | Build | House |
| 8:41 | Queue | Villager (Male) |
| 9:03 | Queue | Villager (Male) |
| 9:55 | Queue | Villager (Male) |
| 10:07 | Build | Mill |
| 10:16 | Queue | Villager (Male) |
| 10:32 | Build | House |
| 10:34 | Build | Palisade Wall |
| 10:56 | Research | Feudal Age |
| 10:56 | Research | Feudal Age |
| 12:04 | Build | Palisade Wall |
| 12:08 | Build | Palisade Wall |
| 12:31 | Queue | Villager (Male) |
| 12:46 | Build | Barracks |
| 12:56 | Build | Palisade Gate |
| 13:06 | Age | Feudal Age |
| 13:12 | Research | Double-Bit Axe |
| 13:12 | Research | Double-Bit Axe |
| 13:23 | Queue | Villager (Male) |
| 13:57 | Queue | Villager (Male) |
| 14:16 | Build | Palisade Wall |
| 14:21 | Build | Stable |
| 14:23 | Queue | Villager (Male) |
| 14:36 | Queue | Villager (Male) |
| 14:53 | Queue | Villager (Male) |
| 15:02 | Queue | Scout Cavalry |
| 15:03 | Queue | Scout Cavalry |
| 15:03 | Queue | Scout Cavalry |
| 15:10 | Build | Blacksmith |
| 15:12 | Queue | Villager (Male) |
| 15:41 | Research | Forging |
| 15:43 | Build | Mining Camp |
| 16:09 | Queue | Scout Cavalry |
| 16:13 | Build | House |
| 16:17 | Research | Town Watch |
| 16:18 | Research | Town Watch |
| 16:25 | Research | Scale Barding Armor |
| 16:38 | Research | Castle Age |
| 16:38 | Research | Castle Age |
| 16:46 | Build | House |
| 16:46 | Build | House |
| 16:47 | Build | House |
| 17:04 | Queue | Scout Cavalry |
| 17:28 | Build | Mining Camp |
| 18:19 | Build | Stable |
| 18:59 | Research | Gold Mining |
| 18:59 | Research | Gold Mining |
| 19:19 | Research | Bloodlines |
| 19:19 | Research | Bloodlines |
| 19:22 | Age | Castle Age |
| 19:27 | Queue | Steppe Lancer ×3 |
| 19:27 | Queue | Steppe Lancer ×3 |
| 19:30 | Queue | Villager (Male) |
| 19:30 | Queue | Villager (Male) |
| 19:35 | Build | Town Center |
| 20:10 | Queue | Villager (Male) |
| 20:18 | Build | Mill |
| 20:21 | Queue | Villager (Male) |
| 20:21 | Queue | Villager (Male) |
| 20:21 | Queue | Villager (Male) |
| 20:21 | Queue | Villager (Male) |
| 21:35 | Queue | Steppe Lancer ×2 |
| 21:35 | Queue | Steppe Lancer ×2 |
| 21:35 | Queue | Steppe Lancer ×2 |
| 21:36 | Queue | Villager (Male) |
| 21:36 | Queue | Villager (Male) |
| 21:43 | Build | Town Center |
| 21:52 | Queue | Camel Scout |
| 21:53 | Queue | Camel Scout |
| 22:21 | Research | Horse Collar |
| 22:21 | Research | Horse Collar |
| 22:24 | Queue | Villager (Male) |
| 22:24 | Queue | Villager (Male) |
| 22:38 | Queue | Villager (Male) |
| 22:54 | Build | Farm |
| 22:55 | Queue | Villager (Male) |
| 22:55 | Queue | Villager (Male) |
| 22:59 | Build | Market |
| 23:12 | Queue | Steppe Lancer |
| 23:12 | Queue | Steppe Lancer |
| 23:54 | Queue | Steppe Lancer |
| 23:54 | Queue | Steppe Lancer |
| 24:04 | Queue | Villager (Male) |
| 24:08 | Build | Farm |
| 24:08 | Build | Farm |
| 24:09 | Build | Farm |
| 24:09 | Build | Farm |
| 24:09 | Build | Farm |
| 24:09 | Build | Farm |
| 24:13 | Queue | Villager (Male) |
| 24:13 | Queue | Villager (Male) |
| 24:34 | Build | Farm |
| 25:05 | Queue | Villager (Male) |
| 25:05 | Queue | Villager (Male) |
| 25:05 | Queue | Villager (Male) |
| 25:05 | Queue | Villager (Male) |
| 25:32 | Queue | Villager (Male) |
| 25:32 | Queue | Villager (Male) |
| 25:32 | Queue | Villager (Male) |
| 25:39 | Build | Castle |
| 25:53 | Queue | Villager (Male) |
| 26:05 | Queue | Steppe Lancer ×2 |
| 26:05 | Queue | Steppe Lancer ×2 |
| 26:05 | Queue | Steppe Lancer ×2 |
| 26:15 | Build | Town Center |
| 26:15 | Queue | Villager (Male) |
| 26:15 | Queue | Villager (Male) |
| 26:16 | Queue | Villager (Male) |
| 26:26 | Build | Mill |
| 26:33 | Build | Mining Camp |
| 26:46 | Build | House |
| 26:47 | Build | House |
| 26:47 | Build | House |
| 26:49 | Queue | Villager (Male) |
| 26:49 | Queue | Villager (Male) |
| 26:50 | Queue | Villager (Male) |
| 26:50 | Queue | Villager (Male) |
| 27:15 | Queue | Villager (Male) |
| 27:15 | Queue | Villager (Male) |
| 27:19 | Build | Farm |
| 27:20 | Queue | Villager (Male) |
| 27:20 | Queue | Villager (Male) |
| 27:23 | Build | House |
| 27:23 | Build | House |
| 27:24 | Build | House |
| 27:55 | Queue | Mangudai |
| 27:55 | Queue | Mangudai |
| 27:56 | Queue | Mangudai |
Build order — Manuel hormigaiper
First 150 of 398 actions detected
| 0:17 | Build | Town Center |
| 1:30 | Build | House |
| 2:32 | Queue | Villager (Male) ×4 |
| 2:33 | Queue | Villager (Male) ×4 |
| 2:33 | Queue | Villager (Male) ×4 |
| 3:28 | Queue | Villager (Male) |
| 3:55 | Queue | Villager (Male) |
| 3:55 | Queue | Villager (Male) |
| 4:10 | Queue | Villager (Male) |
| 4:10 | Queue | Villager (Male) |
| 4:11 | Queue | Villager (Male) |
| 4:20 | Build | House |
| 4:22 | Build | House |
| 4:27 | Queue | Villager (Male) |
| 4:27 | Queue | Villager (Male) |
| 4:41 | Build | Lumber Camp |
| 4:45 | Queue | Villager (Male) |
| 4:45 | Queue | Villager (Male) |
| 4:45 | Queue | Villager (Male) |
| 5:14 | Queue | Villager (Male) |
| 5:15 | Queue | Villager (Male) |
| 5:15 | Queue | Villager (Male) |
| 5:15 | Queue | Villager (Male) |
| 5:27 | Queue | Villager (Male) |
| 5:27 | Queue | Villager (Male) |
| 5:27 | Queue | Villager (Male) |
| 5:42 | Queue | Villager (Male) |
| 5:42 | Queue | Villager (Male) |
| 6:08 | Research | Loom |
| 6:10 | Queue | Villager (Male) |
| 6:10 | Queue | Villager (Male) |
| 6:11 | Queue | Villager (Male) |
| 6:12 | Queue | Villager (Male) |
| 6:14 | Research | Loom |
| 6:15 | Queue | Villager (Male) ×4 |
| 6:16 | Queue | Villager (Male) ×4 |
| 6:44 | Queue | Villager (Male) |
| 6:45 | Queue | Villager (Male) |
| 7:11 | Build | House |
| 7:19 | Build | Palisade Wall |
| 7:24 | Build | Palisade Wall |
| 7:32 | Queue | Villager (Male) |
| 7:32 | Queue | Villager (Male) |
| 7:33 | Queue | Villager (Male) |
| 7:37 | Queue | Villager (Male) |
| 7:37 | Queue | Villager (Male) |
| 7:55 | Build | Palisade Wall |
| 8:12 | Queue | Villager (Male) |
| 8:12 | Queue | Villager (Male) |
| 8:27 | Build | Palisade Gate |
| 8:33 | Build | Palisade Wall |
| 8:35 | Build | Palisade Wall |
| 8:36 | Build | Palisade Wall |
| 8:36 | Build | Palisade Wall |
| 8:53 | Build | Palisade Wall |
| 8:53 | Build | Palisade Wall |
| 8:54 | Build | Palisade Wall |
| 9:01 | Queue | Villager (Male) |
| 9:01 | Queue | Villager (Male) |
| 9:02 | Queue | Villager (Male) |
| 9:10 | Queue | Villager (Male) |
| 9:31 | Queue | Villager (Male) |
| 9:46 | Build | Mill |
| 10:29 | Build | House |
| 10:59 | Build | Mining Camp |
| 11:11 | Research | Feudal Age |
| 11:11 | Research | Feudal Age |
| 11:11 | Research | Feudal Age |
| 12:20 | Build | Palisade Wall |
| 12:55 | Queue | Villager (Male) |
| 12:57 | Queue | Villager (Male) |
| 13:00 | Build | Palisade Wall |
| 13:28 | Age | Feudal Age |
| 13:34 | Build | Market |
| 13:36 | Build | Blacksmith |
| 13:47 | Build | Palisade Wall |
| 14:15 | Build | Mining Camp |
| 14:54 | Research | Castle Age |
| 14:55 | Research | Castle Age |
| 14:55 | Research | Castle Age |
| 15:11 | Build | Outpost |
| 15:40 | Research | Double-Bit Axe |
| 15:40 | Research | Double-Bit Axe |
| 17:21 | Queue | Villager (Male) |
| 17:21 | Queue | Villager (Male) |
| 17:34 | Age | Castle Age |
| 18:09 | Build | Town Center |
| 18:11 | Research | Bow Saw |
| 18:13 | Research | Fletching |
| 18:14 | Queue | Villager (Male) |
| 18:40 | Build | Palisade Wall |
| 18:42 | Build | Palisade Wall |
| 18:44 | Build | House |
| 18:46 | Build | Palisade Wall |
| 18:49 | Build | House |
| 19:15 | Queue | Villager (Male) |
| 19:15 | Queue | Villager (Male) |
| 19:48 | Queue | Villager (Male) |
| 19:48 | Queue | Villager (Male) |
| 19:48 | Queue | Villager (Male) |
| 20:17 | Build | Castle |
| 20:19 | Build | Palisade Gate |
| 20:21 | Build | Palisade Wall |
| 20:24 | Build | Palisade Wall |
| 20:25 | Queue | Villager (Male) |
| 20:25 | Queue | Villager (Male) |
| 20:28 | Build | Palisade Wall |
| 20:32 | Build | Town Center |
| 20:54 | Queue | Villager (Male) |
| 20:54 | Queue | Villager (Male) |
| 21:30 | Queue | Villager (Male) |
| 21:30 | Queue | Villager (Male) |
| 21:30 | Queue | Villager (Male) |
| 21:41 | Queue | Villager (Male) |
| 21:41 | Queue | Villager (Male) |
| 21:41 | Queue | Villager (Male) |
| 21:41 | Queue | Villager (Male) |
| 21:41 | Queue | Villager (Male) |
| 21:48 | Build | Mill |
| 22:04 | Build | Farm |
| 22:05 | Build | Farm |
| 22:06 | Build | Farm |
| 22:06 | Build | Farm |
| 22:17 | Build | Farm |
| 22:18 | Queue | Villager (Male) |
| 22:29 | Queue | Mangudai |
| 22:29 | Queue | Mangudai |
| 22:33 | Queue | Villager (Male) |
| 22:33 | Queue | Villager (Male) |
| 22:34 | Queue | Villager (Male) |
| 22:46 | Queue | Villager (Male) |
| 22:47 | Queue | Villager (Male) |
| 23:13 | Queue | Villager (Male) |
| 23:14 | Queue | Villager (Male) |
| 23:19 | Queue | Mangudai |
| 23:19 | Queue | Mangudai |
| 23:19 | Queue | Mangudai |
| 23:20 | Queue | Villager (Male) |
| 23:20 | Queue | Villager (Male) |
| 23:20 | Queue | Villager (Male) |
| 23:25 | Build | Farm |
| 23:26 | Build | Farm |
| 23:28 | Research | Horse Collar |
| 23:28 | Research | Horse Collar |
| 23:28 | Research | Horse Collar |
| 23:47 | Queue | Villager (Male) |
| 23:47 | Queue | Villager (Male) |
| 23:48 | Queue | Villager (Male) |
| 23:49 | Build | Farm |
| 23:51 | Build | Farm |
Match timeline
| 6:01 | Nicoairlines · wall_segment Palisade Wall x1 |
| 6:02 | Nicoairlines · wall_segment Palisade Wall x1 |
| 7:19 | Manuel hormigaiper · wall_segment Palisade Wall x1 |
| 7:24 | Manuel hormigaiper · wall_segment Palisade Wall x1 |
| 7:55 | Manuel hormigaiper · wall_segment Palisade Wall x1 |
| 8:33 | Manuel hormigaiper · wall_segment Palisade Wall x1 |
| 8:35 | Manuel hormigaiper · wall_segment Palisade Wall x1 |
| 8:36 | Manuel hormigaiper · wall_segment Palisade Wall x1 |
| 8:36 | Manuel hormigaiper · wall_segment Palisade Wall x1 |
| 8:53 | Manuel hormigaiper · wall_segment Palisade Wall x1 |
| 8:53 | Manuel hormigaiper · wall_segment Palisade Wall x1 |
| 8:54 | Manuel hormigaiper · wall_segment Palisade Wall x1 |
| 9:22 | Nicoairlines · wall_segment Palisade Wall x14 |
| 10:34 | |FMG| Zeit · wall_segment Palisade Wall x10 |
| 11:47 | Nicoairlines · wall_segment Palisade Wall x1 |
| 11:56 | Nicoairlines · wall_segment Palisade Wall x1 |
| 11:57 | Nicoairlines · wall_segment Palisade Wall x1 |
| 12:03 | Cris.GCH · age_up feudal |
| 12:04 | |FMG| Zeit · wall_segment Palisade Wall x7 |
| 12:08 | |FMG| Zeit · wall_segment Palisade Wall x10 |
| 12:20 | Manuel hormigaiper · wall_segment Palisade Wall x7 |
| 12:31 | Nicoairlines · first_building Barracks |
| 12:46 | |FMG| Zeit · first_building Barracks |
| 13:00 | Manuel hormigaiper · wall_segment Palisade Wall x1 |
| 13:06 | |FMG| Zeit · age_up feudal |
| 13:15 | tomas · age_up feudal |
| 13:27 | Benjaiper · age_up feudal |
| 13:28 | Manuel hormigaiper · age_up feudal |
| 13:46 | Nicoairlines · age_up feudal |
| 13:47 | Manuel hormigaiper · wall_segment Palisade Wall x1 |
| 13:53 | Nicoairlines · first_building Stable |
| 14:16 | |FMG| Zeit · wall_segment Palisade Wall x12 |
| 14:21 | |FMG| Zeit · first_building Stable |
| 14:27 | Manuel hormigaiper · first_market_buy 500 food |
| 14:28 | Manuel hormigaiper · first_market_sell 500 stone |
| 14:46 | Cris.GCH · first_market_buy 100 food |
| 14:47 | Nicoairlines · wall_segment Palisade Wall x5 |
| 14:51 | Nicoairlines · wall_segment Palisade Wall x9 |
| 14:54 | Cris.GCH · first_market_sell 100 stone |
| 15:09 | Nicoairlines · first_market_sell 100 wood |
| 15:10 | Nicoairlines · first_market_buy 100 food |
| 15:27 | tomas · first_building Barracks |
| 15:27 | Cris.GCH · first_building Barracks |
| 15:31 | Cris.GCH · wall_segment Palisade Wall x1 |
| 15:39 | Cris.GCH · wall_segment Palisade Wall x1 |
| 15:57 | Cris.GCH · wall_segment Palisade Wall x6 |
| 16:25 | Cris.GCH · wall_segment Palisade Wall x1 |
| 16:56 | Benjaiper · age_up castle |
| 16:59 | Benjaiper · first_building Castle |
| 17:19 | tomas · age_up castle |
| 17:22 | Cris.GCH · age_up castle |
| 17:30 | Cris.GCH · first_building Monastery |
| 17:34 | Manuel hormigaiper · age_up castle |
| 18:20 | Nicoairlines · age_up castle |
| 18:40 | Manuel hormigaiper · wall_segment Palisade Wall x1 |
| 18:42 | Manuel hormigaiper · wall_segment Palisade Wall x1 |
| 18:46 | Manuel hormigaiper · wall_segment Palisade Wall x2 |
| 18:48 | Cris.GCH · first_building Archery Range |
| 18:57 | Cris.GCH · first_building Stable |
| 19:11 | Benjaiper · first_market_buy 100 food |
| 19:17 | tomas · first_building Siege Workshop |
| 19:22 | |FMG| Zeit · age_up castle |
| 19:27 | Nicoairlines · first_building Monastery |
| 20:09 | tomas · first_market_buy 100 wood |
| 20:17 | Manuel hormigaiper · first_building Castle |
| 20:21 | Manuel hormigaiper · wall_segment Palisade Wall x1 |
| 20:24 | Manuel hormigaiper · wall_segment Palisade Wall x1 |
| 20:28 | Manuel hormigaiper · wall_segment Palisade Wall x1 |
| 21:45 | Nicoairlines · wall_segment Palisade Wall x1 |
| 21:46 | Nicoairlines · wall_segment Palisade Wall x1 |
| 23:13 | Benjaiper · first_market_sell 100 stone |
| 24:22 | Nicoairlines · first_building Castle |
| 25:29 | Manuel hormigaiper · wall_segment Palisade Wall x1 |
| 25:39 | |FMG| Zeit · first_building Castle |
| 26:01 | |FMG| Zeit · first_market_buy 100 stone |
| 28:51 | Cris.GCH · wall_segment Palisade Wall x1 |
| 29:23 | Cris.GCH · first_building Castle |
| 29:56 | Manuel hormigaiper · first_building Barracks |
| 30:49 | Benjaiper · first_building Monastery |
| 31:12 | Manuel hormigaiper · first_building Stable |
| 31:14 | |FMG| Zeit · first_building Siege Workshop |
| 32:26 | Manuel hormigaiper · first_building Archery Range |
| 33:06 | Benjaiper · wall_segment Stone Wall x5 |
| 33:09 | Benjaiper · wall_segment Stone Wall x5 |
| 33:11 | Benjaiper · wall_segment Stone Wall x1 |
| 33:17 | tomas · resign |
| 34:18 | Cris.GCH · age_up imperial |
| 36:10 | Manuel hormigaiper · first_building Siege Workshop |
| 36:20 | Manuel hormigaiper · first_building Monastery |
| 38:25 | |FMG| Zeit · age_up imperial |
| 38:36 | Benjaiper · age_up imperial |
[ AI ANALYSIS · 1 CREDIT ]
What really happened in this match?
Wolo.gg analyzes every decision: build order, eco, micro, common mistakes by bracket. Personalized analysis on WhatsApp or Discord in 30 seconds.
Civ guide
Persians
Perfil
Jugador #5636940